 Dungeon Sprint DCSS version 0.30-a0-6-g7c9e10e132 (webtiles) character file.

Game seed: 4779150653179333681

25 NinjaNoafa the Cudgeller (level 2, -5/29 HPs)
             Began as a Minotaur Berserker on Aug 22, 2022.
             Was a Follower of Trog.
             Slain by an ogre
             ... wielding a +0 giant club
              (17 damage)
             ... in the Dungeon (Sprint I: "Red Sonja").
             The game lasted 00:00:50 (14 turns).

NinjaNoafa the Cudgeller (Minotaur Berserker)         Turns: 14, Time: 00:00:50

Health: -5/29      AC:  2    Str: 21    XL:     2   Next: 82%
Magic:  1/1        EV: 12    Int:  4    God:    Trog [*.....]
Gold:   0          SH:  0    Dex:  9    Spells: 1/1 levels left

rFire   . . .      SeeInvis .    a - +0 mace
rCold   . . .      Faith    .    (no shield)
rNeg    . . .      Spirit   .    b - +0 animal skin
rPois   .          Reflect  .    (helmet restricted)
rElec   .          Harm     .    (no cloak)
rCorr   .          Rampage  .    (no gloves)
Will    .....      NoTele   +    (no boots)
Stlth   +.........               (no amulet)
HPRegen 0.09/turn                (no ring)
MPRegen 0.07/turn                (no ring)

@: on berserk cooldown, slowed, very slow
A: horns 2, retaliatory headbutt
a: Renounce Religion, Berserk


You were in the Dungeon.
You worshipped Trog.
Trog was aware of your devotion.
You visited 1 branch

Inventory:

Hand Weapons
 a - a +0 mace (weapon)
Armour
 b - a +0 animal skin (worn)
Wands
 g - a wand of polymorph (5)
Scrolls
 h - a scroll of blinking
Potions
 c - a potion of curing
 d - a potion of heal wounds
 e - a potion of haste
 f - 2 potions of magic


   Skills:
 + Level 5.6 Fighting
 + Level 5.6 Maces & Flails
 + Level 3.2 Armour
 + Level 3.0 Dodging


You had one spell level left.
You didn't know any spells.
Your spell library was empty.

Dungeon Overview and Level Annotations

Branches:
Dungeon (1/1)

Altars:


Innate Abilities, Weirdness & Mutations

You have a pair of horns on your head.
You reflexively headbutt those who attack you in melee.


Message History

You open the door.
Ijyb the Twisted Goblin comes into view.
She is wielding a +0 dagger and carrying a wand of polymorph (5).
A red film seems to cover your vision as you go berserk!
You feel yourself moving faster!
You feel mighty!
You thump Ijyb!
Ijyb is heavily wounded.
You hit Ijyb. You headbutt Ijyb!
You kill Ijyb!
Trog accepts your kill.
Your Fighting skill gained 2 levels and is now at level 5!
Your Maces & Flails skill gained 2 levels and is now at level 5!
Your Armour skill increases to level 3!
Your Dodging skill increases to level 3!
You have reached level 2!
Unknown command.
Okay, then.
g - a wand of polymorph (5)
There is an open door here.
Things that are here:
a +0 dagger; a +0 chain mail You feel a strong urge to attack something.
You are no longer berserk.
You are exhausted.
You feel yourself slow down.
You open the door.
An ogre comes into view. It is wielding a +0 giant club.
The ogre shouts!
The ogre misses you.
There is an open door here.
The ogre hits you with a +0 giant club!
Ouch! That really hurt!
You hit the ogre but do no damage. The ogre barely misses you.
You sock the ogre!
The ogre is moderately wounded.
The ogre barely misses you. You furiously retaliate!
You headbutt the ogre! You barely miss the ogre.
The ogre is severely wounded.
The ogre hits you with a +0 giant club!
Ouch! That really hurt!
You die...

##########
#<.#..'O.#
#..)..#@.+
#..#####+#
#..# #..#
#..# #⌠⌠#
####


You could see an ogre.

Vanquished Creatures
  Ijyb (D)
1 creature vanquished.

Notes
Turn   | Place    | Note
-------+----------+-------------------------------------------
     0 | D        | NinjaNoafa the Minotaur Berserker began the quest for the
                  | Orb.
     0 | D        | Reached XP level 1. HP: 19/19 MP: 0/0
     1 | D        | Noticed Ijyb
     4 | D        | Killed Ijyb
     5 | D        | Reached skill level 5 in Fighting
     5 | D        | Reached skill level 5 in Maces & Flails
     5 | D        | Reached XP level 2. HP: 29/29 MP: 1/1
    10 | D        | Noticed an ogre
    14 | D        | Slain by an ogre

Illustrated notes

Levels and vault maps discovered:
D:        dungeon_sprint_1 [red_sonja_temple_1, red_sonja_temple_small_1]

Skill      XL: |  1 |
---------------+----+-----
Fighting       | 5 |  5.6
Maces & Flails | 5 |  5.6
Armour         | 3 |  3.2
Dodging        | 3 |  3.0

Action                   || total
-------------------------++-------
Melee: Mace              ||     5
       Headbutt          ||     1
  Use: Potion            ||     1
Dodge: Dodged            ||     3

Table legend: (Time is in decaauts)
 A = Elapsed time spent in this place.
 B = Non-inter-level travel time spent in this place.
 C = Inter-level travel time spent in this place.
 D = Time resting spent in this place.
 E = Time spent auto-exploring this place.
 F = Levels seen in this place.
 G = Mean time per level.
                   A        B        C        D        E       F      G
               +--------+--------+--------+--------+--------+-----+--------+
         Total |     15 |     15 |      0 |      0 |      0 |   1 |   15.0 |
       Dungeon |     15 |     15 |      0 |      0 |      0 |   1 |   15.0 |
               +--------+--------+--------+--------+--------+-----+--------+

Top non-repeatable levels by time:
       D: 15 daAuts
